 Dungeon Crawl Stone Soup version 0.27-a0-594-g2aaa8dbbc2 (webtiles) character file.

Game seed: 13452950855099171117

2285 Azunone the Chucker (level 9, 0/88 HPs)
             Began as a Troll Hunter on Mar 11, 2021.
             Was a Believer of Trog.
             Killed by divine providence
             ... invoked by an orc priest
              (13 damage)
             ... on level 8 of the Dungeon.
             The game lasted 00:14:37 (5966 turns).

Azunone the Chucker (Troll Hunter)                  Turns: 5966, Time: 00:14:39

Health: 0/88       AC:  5    Str: 28    XL:     9   Next: 17%
Magic:  8/8        EV: 12    Int:  7    God:    Trog [**....]
Gold:   428        SH:  0    Dex: 15    Spells: 8/8 levels left

rFire    + . .     SeeInvis .   v - +5 dagger "Biejibre" {vorpal, Str+3 Dex+5}
rCold    + . .     Faith    .   (no shield)
rNeg     + . .     Spirit   .   q - +1 animal skin
rPois    +         Reflect  .   (helmet restricted)
rElec    +         Harm     .   (no cloak)
rCorr    +         Rampage  .   (gloves unavailable)
Will     .....                  (boots unavailable)
Stlth    +.........             f - amulet of magic regeneration
HPRegen  1.24/turn              e - ring of positive energy
MPRegen  0.36/turn              (no ring)

@: confused, resistant, berserk cooldown, slowed, very slow
A: large, unfitting armour, claws 3, regeneration 1, shaggy fur 1, tough skin 1
a: Renounce Religion, Berserk, Trog's Hand


You were on level 8 of the Dungeon.
You worshipped Trog.
Trog was pleased with you.
You visited 1 branch of the dungeon, and saw 8 of its levels.

You collected 428 gold pieces.

Inventory:

Hand Weapons
 i - a +0 mace
 l - a +2 hand axe of electrocution
 v - the +5 dagger "Biejibre" (weapon) {vorpal, Str+3 Dex+5}
   (You found it on level 4 of the Dungeon)

   It inflicts extra damage upon your enemies.
   It affects your strength (+3).
   It affects your dexterity (+5).
 A - a +0 giant club
Missiles
 c - 2 large rocks (quivered)
 d - 2 throwing nets
 x - 6 javelins
Armour
 q - a +1 animal skin (worn)
 u - a +2 pair of gloves
Jewellery
 e - a ring of positive energy (right claw)
 f - an amulet of magic regeneration (around neck)
Wands
 n - a wand of flame (28)
 s - a wand of mindburst (8)
Scrolls
 g - 2 scrolls of amnesia
 j - 2 scrolls of teleportation {unknown}
 k - 2 scrolls of immolation
 m - 3 scrolls of magic mapping
 p - 2 scrolls of enchant armour
 t - 2 scrolls of blinking
 w - 3 scrolls of random uselessness
 y - a scroll of enchant weapon {unknown}
 C - a scroll of fear
Potions
 a - a potion of ambrosia {unknown}
 b - a potion of magic
 h - a potion of brilliance
 r - 2 potions of degeneration
 B - a potion of curing


   Skills:
 + Level 5.3 Fighting
 + Level 5.2 Maces & Flails
 + Level 6.7 Throwing
 + Level 5.3 Dodging
 - Level 0.3 Stealth


You had 8 spell levels left.
You didn't know any spells.
Your spell library was empty.

Dungeon Overview and Level Annotations

Branches:
Dungeon (8/15)             Temple (0/1) D:6
   Lair: D:8-11

Altars:
Cheibriados
Elyvilon
Fedhas
Nemelex Xobeh
Okawaru
Sif Muna
Trog
Vehumet
Wu Jian
Xom
Yredelemnul
The Shining One


Innate Abilities, Weirdness & Mutations

You are too large for most types of armour.
You have claws for hands.
Your natural rate of healing is unusually fast.
You are covered in fur. (AC +1)
You have tough skin. (AC +1)


Message History

You hit the worker ant.
The worker ant is severely wounded.
The worker ant bites you.
* * * LOW HITPOINT WARNING * * *
You puncture the worker ant!
You kill the worker ant!
Trog accepts your kill.
You puncture the worker ant!
The worker ant is almost dead.
You hear a shout!
The worker ant barely misses you.
The orc priest looks satisfied for a moment.
You puncture the worker ant!
You kill the worker ant!
Trog accepts your kill.
You closely miss something. Something hits you.
* * * LOW HITPOINT WARNING * * *
You hit something.
The orc priest looks braver for a moment.
You closely miss something. Something hits you but does no damage.
You barely miss something. You closely miss something.
You hear some strange, mumbled words.
You are confused.
The orc priest invokes the aid of Beogh against you.
Beogh smites you!
* * * LOW HITPOINT WARNING * * *
You hear a shout!
You hit something. Trog accepts your kill.
Trog appreciates your killing of a magic user.
Reactivating autopickup.
You feel a bit more experienced.
You bump into the rock wall.
You are no longer berserk.
You are exhausted.
You feel yourself slow down.
The orc priest invokes the aid of Beogh against you.
Beogh smites you!
You die...

# .# . ## .# #.#
#.# #..# ##.#####
#..###.##o..#...
#.##.#....@o.......
#....<.#..##o..#...
##........# ..##
.......#.#### ..#
###...##.#


oo# #(.. #.. o.. #... #### #.o# #.. ..# #.. You could see 3 orc priests.

Vanquished Creatures
  Prince Ribbit (D:7)
  Grinder (D:6)
  2 orc warriors
  A black bear (D:6)
  2 sky beasts (D:5)
  3 ogres
  2 centaurs
  A bullfrog (D:6)
  2 wyvern skeletons (D:6)
  4 bullfrog zombies (D:5)
  3 hounds
  3 orc priests
  Terence (D:3)
  3 iguanas
  5 orc wizards
  4 worker ants
  A killer bee zombie (D:6)
  Robin (D:3)
  A worker ant zombie (D:6)
  7 adders
  2 ufetubi (D:5)
  2 oozes
  An adder zombie (D:7)
  A worm (D:2)
  The ghost of stripedtigrrr the Sneak, a weakling OpDe (D:5)
  2 dart slugs
  8 leopard geckos
  10 orcs
  A ball python (D:6)
  6 giant cockroaches
  15 goblins
  11 hobgoblins
  8 jackals
  5 kobolds
  2 quokkas
  4 bats
  7 frilled lizards
  A jackal skeleton (D:6)
  A jackal zombie (D:6)
  2 quokka skeletons
  2 rats
140 creatures vanquished.

Notes
Turn   | Place    | Note
-------+----------+-------------------------------------------
     0 | D:1      | Azunone the Troll Hunter began the quest for the Orb.
     0 | D:1      | Reached XP level 1. HP: 19/19 MP: 0/0
   104 | D:1      | Reached XP level 2. HP: 27/28 MP: 1/1
   302 | D:1      | You fall into a shaft and drop 1 floor!
   319 | D:2      | Reached XP level 3. HP: 34/35 MP: 2/2
   383 | D:2      | Reached skill level 4 in Throwing
   412 | D:2      | Found an iron altar of Okawaru.
   454 | D:2      | Found a radiant altar of Vehumet.
   516 | D:2      | Found a bloodstained altar of Trog.
   532 | D:2      | Became a worshipper of Trog the Wrathful
  1150 | D:3      | Reached XP level 4. HP: 42/42 MP: 3/3
  1259 | D:3      | Noticed Terence
  1260 | D:3      | Killed Terence
  1261 | D:3      | Reached skill level 1 in Maces & Flails
  1465 | D:3      | Noticed Robin
  1534 | D:3      | Killed Robin
  1534 | D:3      | Reached * piety under Trog
  1535 | D:3      | Reached XP level 5. HP: 45/50 MP: 4/4
  1828 | D:3      | Found a glowing golden altar of the Shining One.
  2038 | D:4      | Found a shimmering altar of Xom.
  2571 | D:4      | Identified the +5 dagger "Biejibre" {vorpal, Str+3 Dex+5}
  2638 | D:4      | Reached XP level 6. HP: 43/61 MP: 5/5
  2762 | D:4      | HP: 1/61 [orc priest/divine providence (13)]
  2921 | D:5      | Entered Level 5 of the Dungeon
  2921 | D:5      | Found a sparkling altar of Nemelex Xobeh.
  3034 | D:5      | Found a runed translucent gate.
  3034 | D:5      | Found a runed translucent gate.
  3034 | D:5      | Found a runed translucent gate.
  3034 | D:5      | Noticed stripedtigrrr's ghost (weakling OpDe)
  3036 | D:5      | Found a basalt altar of Yredelemnul.
  3126 | D:5      | Found a white marble altar of Elyvilon.
  3131 | D:5      | Reached skill level 5 in Throwing
  3167 | D:5      | Reached XP level 7. HP: 67/67 MP: 6/6
  4009 | D:5      | Killed stripedtigrrr's ghost
  4117 | D:6      | Noticed Grinder
  4131 | D:6      | Paralysed by Grinder for 7 turns
  4148 | D:6      | Killed Grinder
  4149 | D:6      | Reached XP level 8. HP: 27/78 MP: 7/7
  4226 | D:6      | Reached ** piety under Trog
  4344 | D:6      | Reached skill level 6 in Throwing
  4677 | D:6      | Reached skill level 5 in Dodging
  4721 | D:6      | Found an ornate altar of the Wu Jian Council.
  4805 | D:6      | Found a staircase to the Ecumenical Temple.
  5130 | D:7      | Noticed Prince Ribbit
  5138 | D:7      | Killed Prince Ribbit
  5139 | D:7      | Reached skill level 5 in Fighting
  5443 | D:7      | Found a faded altar of an unknown god.
  5443 | D:7      | Found a snail-covered altar of Cheibriados.
  5450 | D:7      | Found a faded altar of an unknown god.
  5454 | D:7      | Reached skill level 5 in Maces & Flails
  5454 | D:7      | Reached XP level 9. HP: 66/88 MP: 8/8
  5454 | D:7      | Found a shimmering blue altar of Sif Muna.
  5455 | D:7      | Found a blossoming altar of Fedhas.
  5966 | D:8      | Killed from afar by an orc priest

Illustrated notes

Levels and vault maps discovered:
D:1:      nzn_arrival_water_spiral, layout_basic
D:2:      layout_basic, lemuel_crystal_altar, nicolae_overflow_crystal_walls,
          minmay_stone_trees_small, okawaru_metal_pillars_3
D:3:      layout_basic, nicolae_tso_carved_into_rock, kennysheep_cross_room,
          uniq_robin, uniq_terence
D:4:      layout_loops_cross, xom_teletrap_fun, nicolae_underground_beach
D:5:      layout_loops_corners, nemelex_xobeh_ov_fountains_minmay,
          lemuel_crystal_altar, nicolae_yredelemnul_ghost_church,
          minmay_increasing_density
D:6:      layout_basic, kennysheep_little_box, minmay_temple_entry_nine_rooms,
          uniq_grinder
D:7:      layout_basic, chequers_temple_overflow_minitemple, uniq_prince_ribbit1
D:8:      layout_loops_cross, grunt_dithmenos_smoke_and_mirrors, basic_altar,
          serial_shops, shop, kennysheep_flooded_box

Skill      XL: |  1  2  3  4  5  6  7  8 |
---------------+-------------------------+-----
Fighting       | 2 3 4 5 |  5.3
Dodging        | 2 3 4 5 |  5.3
Throwing       | 4 5 6 |  6.7
Maces & Flails | 1 2 4 5 |  5.2
Stealth        | |  0.3

Action                   |  1- 3 |  4- 6 |  7- 9 || total
-------------------------+-------+-------+-------++-------
Melee: Short sword       |    77 |       |       ||    77
       Mace              |    81 |   153 |       ||   234
       Dagger            |       |    57 |   203 ||   260
Throw: Large rock        |       |     5 |    23 ||    28
       Throwing net      |       |       |     2 ||     2
Evoke: Wand              |       |       |     2 ||     2
  Use: Potion            |       |     4 |     2 ||     6
       Scroll            |       |       |    12 ||    12
 Stab: Sleeping          |     1 |       |     2 ||     3
Armor: Robe              |    52 |    27 |       ||    79
       Animal skin       |       |    34 |    54 ||    88
Dodge: Dodged            |    94 |   130 |   107 ||   331

Table legend: (Time is in decaauts)
 A = Elapsed time spent in this place.
 B = Non-inter-level travel time spent in this place.
 C = Inter-level travel time spent in this place.
 D = Time resting spent in this place.
 E = Time spent auto-exploring this place.
 F = Levels seen in this place.
 G = Mean time per level.
                   A        B        C        D        E       F      G
               +--------+--------+--------+--------+--------+-----+--------+
         Total |   6068 |   5887 |    181 |      0 |   4679 |   8 |  758.5 |
       Dungeon |   6068 |   5887 |    181 |      0 |   4679 |   8 |  758.5 |
               +--------+--------+--------+--------+--------+-----+--------+

Top non-repeatable levels by time:
     D:5: 1130 daAuts
     D:7: 1037 daAuts
     D:4: 930 daAuts
     D:3: 921 daAuts
     D:6: 848 daAuts
     D:2: 598 daAuts
     D:1: 562 daAuts
     D:8: 38 daAuts
